 Dungeon Crawl Stone Soup version 0.21-a0-140-g479285b (webtiles) character file.

759 Manul the Covert (level 7, -1/46 HPs)
             Began as an Octopode Assassin on July 21, 2017.
             Slain by a worker ant (4 damage)
             ... on level 5 of the Dungeon.
             The game lasted 00:05:52 (4981 turns).

Manul the Covert (Octopode Assassin)                Turns: 4981, Time: 00:05:53

Health: -1/46      AC:  1    Str: 10    XL:     7   Next: 80%
Magic:  7/7        EV: 13    Int: 13    God:
Gold:   202        SH:  4    Dex: 16    Spells: 3/6 levels left

rFire    . . .     SeeInvis .   x - +2 whip of the Lurker {elec, rN++} (curse)
rCold    + . .     Gourm    .   l - +0 buckler
rNeg     + + .     Faith    .   (helmet restricted)
rPois    .         Spirit   .   (no amulet)
rElec    .         Reflect  .   j - ring of ice
rCorr    .         Harm     .   w - ring of protection from fire
MR       +....     Clarity  +   (no ring)
Stlth    +++++.....             (no ring)
HPRegen  0.15/turn              (no ring)
MPRegen  0.10/turn              (no ring)
                                (no ring)
                                (no ring)

@: lethally poisoned (-1 -> -6)
A: almost no armour, stealthy swim, amphibious, 8 rings, constrict 8, camouflage
1, clarity, magic resistance 1, sense surroundings 1, gelatinous body 1,
evolution 1
a: no special abilities


You were on level 5 of the Dungeon.
You were not hungry.

You visited 1 branch of the dungeon, and saw 5 of its levels.

You collected 202 gold pieces.

Inventory:

Hand Weapons
 a - a +2 dagger
 b - a +0 blowgun
 x - the cursed +2 whip of the Lurker (weapon) {elec, rN++}
   (You found it on level 5 of the Dungeon)

   Occasionally, upon striking a foe, it will discharge some electrical energy
   and cause terrible harm.
   It greatly protects you from negative energy.
   It has a curse placed upon it.
Missiles
 c - 7 poisoned needles
Armour
 l - a +0 buckler (worn)
Jewellery
 j - a ring of ice (left tentacle)
 w - a ring of protection from fire (right tentacle)
Scrolls
 e - a scroll of identify
 m - 2 scrolls of enchant armour {unknown}
 n - 2 scrolls of fog {unknown}
 o - a scroll of magic mapping {unknown}
 p - a scroll of recharging {unknown}
 q - 3 scrolls of remove curse
 r - 2 scrolls of blinking {unknown}
 s - a scroll of fear
 t - a scroll of enchant weapon
Potions
 h - a potion of flight
Books
 u - a book of Misfortune

   Spells                             Type                      Level
   a - Confusing Touch                Hexes                        1
   b - Confuse                        Hexes                        3
   c - Gell's Gravitas                Translocation                3
   d - Petrify                        Transmutation/Earth          4
   e - Metabolic Englaciation         Hexes/Ice                    5
   f - Yara's Violent Unravelling     Hexes/Transmutation          5
Comestibles
 f - a bread ration
 g - 4 chunks of flesh
 i - 2 fruits
 v - 2 meat rations


   Skills:
 + Level 3.3 Fighting
 + Level 4.0 Short Blades
 + Level 3.0 Throwing
 + Level 2.2 Dodging
 + Level 10.0 Stealth
 + Level 1.5 Shields


You had 3 spell levels left.
You knew the following spells:

 Your Spells              Type           Power        Failure   Level  Hunger
a - Confuse               Hex            #.......     77%         3    ####...


Dungeon Overview and Level Annotations

Branches:
Dungeon (5/15)
 Temple: D:4-7

Altars:
Dithmenos
Sif Muna

Annotations:
D:4 Grinder


Innate Abilities, Weirdness & Mutations

You cannot wear most types of armour.
You are very stealthy in the water. (Stealth+)
You are amphibious.
You can wear up to eight rings at the same time.
You can use your tentacles to constrict eight enemies at once.
Your skin changes colour to match your surroundings (Stealth+).
Your rubbery body absorbs attacks. (AC +1, EV +1)
You possess an exceptional clarity of mind.
You are resistant to hostile enchantments. (MR+)
You passively map a small area around you.
You evolve.


Message History

You see here an arrow.
You feel sick.
The centaur unwields an uncursed shortbow.
You block the centaur's attack. The centaur hits you.
* * * LOW HITPOINT WARNING * * *
The worker ant misses you.
You barely miss the centaur.
You feel sick. The centaur misses you. The leopard gecko bites you.
* * * LOW HITPOINT WARNING * * *
The worker ant bites you but does no damage.
The centaur closely misses you.
Unknown command.
It was a potion of mutation.
You feel extremely strange.
You feel resistant to hostile enchantments.
You feel nature experimenting on you.
Don't worry, failures die fast.
Your thoughts seem clearer.
You feel a strange attunement to the structure of the dungeons.
* * * LOW HITPOINT WARNING * * *
You feel sick. You block the leopard gecko's attack. The worker ant bites you.
You die...

, , , * #..... , *, * ,#_....#
* ,##+#### * #.....# , #......
, , , ,#.....' , , +...... ...
#.....# ,, #...... ...
,#.....###########...... .....
#......c......g.....[..
#......#.....@................
,
#......#....la................
#......'...(..........<.......
#......#......................
,
#......##'######'##.........##
,
#.................#.........'.
#......(..........#.........#.
#.................#.........#.
, #......##...##...
#.........##


You could see a centaur, a worker ant and a leopard gecko.

Vanquished Creatures
  2 ice beasts (D:5)
  An ogre (D:4)
  A centaur zombie (D:5)
  2 hounds (D:5)
  A gnoll shaman (D:5)
  2 orc wizards
  Natasha (D:4)
  A bullfrog skeleton (D:4)
  2 worker ants
  4 gnolls (D:5)
  8 adders
  3 oozes
  5 leopard geckos
  5 orcs
  A ball python (D:3)
  5 giant cockroaches
  10 goblins
  10 hobgoblins
  2 jackals (D:1)
  10 kobolds
  A quokka (D:3)
  5 bats
  10 frilled lizards
  11 rats
  A plant (D:2)
104 creatures vanquished.

Notes
Turn   | Place    | Note
-------+----------+-------------------------------------------
     0 | D:1      | Manul the Octopode Assassin began the quest for the Orb.
     0 | D:1      | Reached XP level 1. HP: 14/14 MP: 1/1
     9 | D:1      | Noticed an iguana
     9 | D:1      | Noticed a black bear
     9 | D:1      | Noticed a rime drake
   151 | D:1      | Reached XP level 2. HP: 19/19 MP: 2/2
   364 | D:1      | Reached skill level 6 in Stealth
   576 | D:1      | Reached XP level 3. HP: 25/25 MP: 3/3
  1117 | D:2      | Reached XP level 4. HP: 12/30 MP: 4/4
  1448 | D:2      | Reached skill level 7 in Stealth
  2230 | D:3      | Reached XP level 5. HP: 35/35 MP: 5/5
  2940 | D:3      | Reached skill level 8 in Stealth
  3320 | D:4      | Noticed Grinder
  3417 | D:4      | Noticed an ogre
  3424 | D:4      | Killed an ogre
  3424 | D:4      | Reached XP level 6. HP: 41/41 MP: 6/6
  3594 | D:5      | Entered Level 5 of the Dungeon
  3869 | D:5      | Found a deep blue altar of Sif Muna.
  3875 | D:5      | Noticed an ice beast
  3882 | D:5      | Killed an ice beast
  3882 | D:5      | Reached skill level 9 in Stealth
  3882 | D:5      | Reached skill level 1 in Shields
  3925 | D:5      | Learned a level 3 spell: Confuse
  3933 | D:5      | Reached XP level 7. HP: 45/46 MP: 7/7
  4153 | D:5      | Got a pitted whip
  4154 | D:5      | Identified the cursed +2 whip of the Lurker {elec, rN++} (You found it on level 5 of the Dungeon)
  4252 | D:4      | Noticed Natasha
  4281 | D:4      | Killed Natasha
  4830 | D:5      | Reached skill level 10 in Stealth
  4978 | D:5      | Found a shadowy altar of Dithmenos.
  4981 | D:5      | Gained mutation: You are resistant to hostile enchantments. (MR+) [potion of mutation]
  4981 | D:5      | Gained mutation: You evolve. [potion of mutation]
  4981 | D:5      | Gained mutation: You possess an exceptional clarity of mind. [potion of mutation]
  4981 | D:5      | Gained mutation: You passively map a small area around you. [potion of mutation]
  4981 | D:5      | Slain by a worker ant

Vault maps used:
D:1:      onia_arrival_zoo_common, hangedman_decor_points
D:2:      first_bread, lexackson_kobold_supper
D:4:      fedhas_altar_2, uniq_natasha, uniq_menkaure, uniq_grinder
D:5:      overflow_temple_1_default, led_sif_pool

Skill      XL: |  1  2  3  4  5  6  7 |
---------------+----------------------+-----
Stealth        | 6 7 8 9 10 | 10.0
Short Blades   | 3 4 |  4.0
Fighting       | 3 |  3.3
Shields        | 1 |  1.5
Dodging        | 2 |  2.2
Throwing       | 3 |  3.0

Action                   |  1- 3 |  4- 6 |  7- 9 || total
-------------------------+-------+-------+-------++-------
Melee: Dagger            |    59 |   128 |    17 ||   204
       Constrict         |    10 |    23 |     8 ||    41
       Tentacles         |    12 |    17 |     5 ||    34
       Whip              |       |       |    21 ||    21
 Fire: Blowgun           |       |    11 |       ||    11
  Use: Potion            |     1 |     2 |     1 ||     4
       Scroll            |       |     3 |     4 ||     7
 Stab: Sleeping          |    11 |    26 |     2 ||    39
  Eat: Chunk             |     1 |     8 |     1 ||    10
       Bread ration      |       |       |     1 ||     1
Armor: Skin              |     3 |     2 |     1 ||     6
Dodge: Dodged            |    24 |    40 |    21 ||    85
Block: Buckler           |     2 |    13 |     7 ||    22
